 Dungeon Crawl Stone Soup version 0.31-a0-705-ga145531891 (webtiles) character file.

Game seed: 2762331573959095856

8063 qw the Skirmisher (level 11, 0/71 HPs)
             Began as a Gargoyle Hunter on Sept 9, 2023.
             Was a Priest of Okawaru.
             Shot with an arrow by a centaur warrior (20 damage)
             ... on level 9 of the Dungeon.
             The game lasted 00:03:57 (7815 turns).

qw the Skirmisher (Gargoyle Hunter)                 Turns: 7815, Time: 00:03:57

Health: 0/71       AC: 19    Str: 14    XL:     11   Next: 25%
Magic:  12/14      EV: 17    Int: 11    God:    Okawaru [***...]
Gold:   337        SH:  0    Dex: 17    Spells: 10/10 levels left

rFire   + . .        k - +0 orcbow
rCold   + . .        (shield currently unavailable)
rNeg    + + .        u - +6 leather armour of the Kappa {Stlth+}
rPois   inf          (no helmet)
rElec   +            (no cloak)
rCorr   .            m - +0 pair of gloves
SInv    +            (no boots)
Will    .....        j - amulet of Attitude {Faith rElec rC++ rN+}
Stlth   ++++         a - ring of see invisible
HPRegen 0.31/turn    g - ring of Gaheitz {Fire Fly}
MPRegen 0.14/turn

%: faith
@: heroic, flying
A: sickness immunity, AC +8, negative energy resistance 1, electricity
resistance, torment resistance 1, petrification resistance
a: Renounce Religion, Heroism


You were on level 9 of the Dungeon.
You worshipped Okawaru.
Okawaru was most pleased with you.
You visited 2 branches of the dungeon, and saw 10 of its levels.

You collected 504 gold pieces.
You spent 167 gold pieces at shops.


Innate Abilities, Weirdness & Mutations

You are immune to sickness and miasma.
Your stone body is resilient. (AC +8)
You are immune to poison.
You resist negative energy. (rN+)
You are resistant to electric shocks. (rElec)
You are resistant to unholy torment.
You are immune to petrification.


   Skills:
 + Level 9.0(14.0) Fighting
 - Level 14.1(19.1) Ranged Weapons
 - Level 2.1(7.1) Armour
 - Level 4.2(9.2) Dodging
 - Level 1.1(6.1) Stealth
 - Level 4.1 Invocations


You had 10 spell levels left.
You didn't know any spells.
Your spell library was empty.

Inventory:

Hand Weapons
 k - a +0 orcbow (weapon)
Armour
 m - a +0 pair of gloves (worn)
 u - the +6 leather armour of the Kappa (worn) {Stlth+}
   (You found it on level 5 of the Dungeon)

   Stlth+:    It makes you more stealthy.
Jewellery
 a - a ring of see invisible (left hand)
 c - a ring of willpower
 d - a ring of willpower
 g - the ring of Gaheitz (right hand) {Fire Fly}
   (You found it on level 5 of the Dungeon)

   [ring of fire]

   Fire:      It enhances your fire magic.
   rF+:       It protects you from fire.
   rC-:       It makes you vulnerable to cold.
   Fly:       It grants you flight.
 j - the amulet of Attitude (around neck) {Faith rElec rC++ rN+}
   (You took it off a kobold brigand on level 8 of the Dungeon)

   [amulet of faith]

   Faith:     It allows you to gain divine favour quickly.
   rC++:      It greatly protects you from cold.
   rElec:     It insulates you from electricity.
   rN+:       It protects you from negative energy.
 q - a ring of ice
Scrolls
 l - a scroll of identify
 p - a scroll of teleportation
Potions
 b - 2 potions of heal wounds
 e - a potion of might
 f - a potion of curing
 h - 2 potions of enlightenment
 i - a potion of cancellation
 n - a potion of magic
 o - a potion of mutation {unknown}

Dungeon Overview and Level Annotations

Branches:
Dungeon (9/15)             Temple (1/1) D:5
   Lair: D:8-11         Orc: D:9-12

Altars:
Ashenzari
Cheibriados
Dithmenos
Elyvilon
Fedhas
Gozag
Hepliaklqana
Kikubaaqudgha
Makhleb
Nemelex Xobeh
Okawaru
Qazlal
Ru
Sif Muna
Trog
Uskayaw
Vehumet
Wu Jian
Xom
Yredelemnul
Zin
The Shining One

Shops:
D:7 (   D:8 (


Message History

You shoot an arrow. The arrow hits the orc knight!
The orc knight is almost dead.
You shoot an arrow.
The arrow hits the orc knight but does no damage.
The orc knight is almost dead.
The orc knight hits you with a +0 battleaxe.
You shoot an arrow. The arrow hits the orc knight!
The orc knight is almost dead.
The orc knight hits you but does no damage.
You shoot an arrow. The arrow hits the orc knight!
You kill the orc knight!
Okawaru accepts your kill.
Your base Ranged Weapons skill increases to level 14!
You start resting.
Magic restored.
You start resting.
You feel like a meek peon again.
A centaur warrior comes into view.
You shoot an arrow. The arrow hits the centaur warrior!
The centaur warrior is lightly wounded.
The centaur warrior wields a +0 shortbow.
The centaur warrior shoots an arrow.
The arrow hits you!!
7810 ||| INVOKING Heroism.
You gain the combat prowess of a mighty hero.
You shoot an arrow. The arrow hits the centaur warrior.
The centaur warrior is lightly wounded.
The centaur warrior shoots an arrow.
The arrow hits you!!
You shoot an arrow. The arrow hits the centaur warrior.
The centaur warrior is lightly wounded.
The centaur warrior shoots an arrow.
The arrow hits you but does no damage.
You shoot an arrow.
The arrow closely misses the centaur warrior.
The centaur warrior shoots an arrow.
The arrow misses you.
You shoot an arrow. The arrow hits the centaur warrior.
The centaur warrior is moderately wounded.
The centaur warrior shoots an arrow.
The arrow hits you.
You shoot an arrow. The arrow hits the centaur warrior.
The centaur warrior is moderately wounded.
The centaur warrior shoots an arrow.
The arrow hits you!!
You die...

....... ## ##
%...... .. ..
....... 7. .7
....... 7.7)7
.......
.77777...77777.
.......
.......%.......
..##### #.#
..#77.77#


7)77 ..#7P~~~# 77@.77 ..#7~P77# 77))..7 ..#~777 77.)77.)7 ..#~7777 77..77 7..7
..#~77~7# 77c.77 7..7 ..#~P~~~#77..77 7))7 ....~P~.....77 7.. ..#777~7#7..7 ..
..# P~77 77..7 You could see a centaur warrior.

Vanquished Creatures
  2 centaur warriors
  An orc knight (D:9)
  A manticore (D:8)
  A gargoyle (D:8)
  2 wyverns
  A shadow (D:8)
  5 yaks
  An unseen horror simulacrum (D:9)
  4 steam dragons
  Duvessa (D:6)
  An acid dragon (D:9)
  4 water moccasins
  An orc warrior (D:9)
  3 ice beasts
  A sky beast (D:6)
  A black bear (D:8)
  2 ogres
  3 centaurs
  2 kobold brigands
  4 bullfrogs
  4 scorpions
  4 wights (D:6)
  Dowan (D:6)
  8 killer bees
  4 howler monkeys
  5 hounds
  2 jellies
  4 orc priests
  A sleepcap (D:6)
  3 iguanas
  Ijyb (D:5)
  7 orc wizards
  5 gnolls
  10 adders
  3 white imps
  An ufetubus (D:4)
  A worm (D:2)
  5 dart slugs
  49 orcs
  5 bats
  8 endoplasms
  4 giant cockroaches
  15 goblins
  13 hobgoblins
  13 kobolds
  4 quokkas
  5 ball pythons
  5 frilled lizards
  3 rats
234 creatures vanquished.

Vanquished Creatures (others)
  A raiju (shapeshifter) (D:9)
  A shadow (D:9)
  An orc wizard (D:9)
3 creatures vanquished.

Grand Total: 237 creatures vanquished

Notes
Turn   | Place    | Note
-------+----------+-------------------------------------------
     0 | D:1      | qw the Gargoyle Hunter began the quest for the Orb.
     0 | D:1      | Reached XP level 1. HP: 12/12 MP: 1/1
     0 | D:1      | 0 ||| qw: Version: 0.3-a-80-g6052c40
     0 | D:1      | 0 ||| qw: Game counter: 1319
     0 | D:1      | 0 ||| qw: Melee chars always use a shield: true
     0 | D:1      | 0 ||| qw: God list: Okawaru
     0 | D:1      | 0 ||| qw: Allow faded altars: false
     0 | D:1      | 0 ||| qw: Do Orc after clearing Dungeon:15 true
     0 | D:1      | 0 ||| qw: Do second Lair branch before Depths: true
     0 | D:1      | 0 ||| qw: Lair rune preference: random
     0 | D:1      | 0 ||| qw: Goals: Normal
     0 | D:1      | 0 ||| PLANNING D:1-11
    64 | D:1      | Reached XP level 2. HP: 17/17 MP: 2/2
   164 | D:1      | Reached XP level 3. HP: 21/21 MP: 3/3
   281 | D:1      | Reached skill level 5 in Ranged Weapons
   653 | D:1      | 653 ||| READING scroll labelled HISTOJ VODOMI.
   654 | D:1      | 654 ||| READING scroll labelled TUUTHA FEORPH.
   655 | D:1      | 655 ||| DROPPING scroll of butterflies.
   686 | D:2      | Found a faded altar of an unknown god.
   866 | D:2      | Reached skill level 3 in Fighting
   867 | D:2      | Reached XP level 4. HP: 28/28 MP: 4/4
  1271 | D:2      | 1271 ||| READING scroll labelled WUEQOI LECY XOCW.
  1274 | D:2      | 1274 ||| READING scroll labelled NUMNEVVAMU.
  1275 | D:2      | 1275 ||| READING scroll labelled COYNYE DIECHI.
  1276 | D:2      | 1276 ||| DRINKING 2 smoky red potions.
  1277 | D:2      | 1277 ||| DRINKING 2 sedimented black potions.
  1559 | D:3      | Reached XP level 5. HP: 31/32 MP: 5/5
  1704 | D:3      | Reached skill level 6 in Ranged Weapons
  2054 | D:3      | Reached XP level 6. HP: 38/38 MP: 6/6
  2244 | D:3      | 2244 ||| UPGRADING to ring of see invisible.
  2245 | D:3      | 2245 ||| READING scroll labelled PIQ SUNKIOKH.
  2246 | D:3      | 2246 ||| READING scroll labelled UQU NOTAVAGINN.
  2347 | D:3      | 2347 ||| READING 2 scrolls of identify.
  2347 | D:3      | 2347 ||| IDENTIFYING pink potion
  2348 | D:3      | 2348 ||| DROPPING potion of degeneration.
  2760 | D:4      | Found a bloodstained altar of Trog.
  2760 | D:4      | Found a snail-covered altar of Cheibriados.
  2970 | D:4      | Found a shadowy altar of Dithmenos.
  2970 | D:4      | Found an opulent altar of Gozag.
  2970 | D:4      | Found a sacrificial altar of Ru.
  2992 | D:4      | Reached skill level 7 in Ranged Weapons
  3016 | D:4      | Reached XP level 7. HP: 27/43 MP: 7/7
  3607 | D:4      | 3607 ||| UPGRADING to +0 ring mail.
  3617 | D:4      | 3617 ||| DROPPING +0 leather armour.
  3618 | D:4      | 3618 ||| UPGRADING to +0 pair of gloves.
  3623 | D:4      | 3623 ||| UPGRADING to ring of willpower.
  3624 | D:4      | 3624 ||| READING scroll labelled PIAXTIUVYLO.
  3625 | D:4      | 3625 ||| READING 4 scrolls of identify.
  3625 | D:4      | 3625 ||| IDENTIFYING inky potion
  3626 | D:4      | 3626 ||| READING 3 scrolls of identify.
  3626 | D:4      | 3626 ||| IDENTIFYING fizzy pink potion
  3627 | D:4      | 3627 ||| READING 2 scrolls of identify.
  3627 | D:4      | 3627 ||| IDENTIFYING purple potion
  3634 | D:5      | Entered Level 5 of the Dungeon
  3657 | D:5      | Reached skill level 1 in Armour
  3678 | D:5      | Found a staircase to the Ecumenical Temple.
  3679 | D:5      | 3679 ||| PLANNING TEMPLE
  3685 | Temple   | Entered the Ecumenical Temple
  3686 | Temple   | 3686 ||| PLANNING OKAWARU WORSHIP
  3695 | Temple   | Became a worshipper of Warmaster Okawaru
  3696 | Temple   | 3696 ||| PLANNING D:1-11
  3917 | D:5      | Reached skill level 8 in Ranged Weapons
  3957 | D:5      | HP: 10/44 [centaur/arrow (6)]
  3958 | D:5      | 3958 ||| READING 2 scrolls of teleportation.
  3959 | D:5      | 3959 ||| DRINKING potion of heal wounds.
  4170 | D:5      | HP: 10/44 [centaur (3)]
  4171 | D:5      | 4171 ||| READING scroll of teleportation.
  4307 | D:5      | Reached XP level 8. HP: 49/49 MP: 8/8
  4308 | D:5      | Found a white marble altar of Elyvilon.
  4331 | D:5      | Identified the ring of Gaheitz {Fire Fly}
  4333 | D:5      | Noticed Ijyb
  4346 | D:5      | Killed Ijyb
  4585 | D:5      | Identified the +6 leather armour of the Kappa {Stlth+}
  4823 | D:5      | 4823 ||| UPGRADING to +3 leather armour.
  4833 | D:5      | 4833 ||| DROPPING +0 ring mail.
  4834 | D:5      | 4834 ||| UPGRADING to +6 leather armour of the Kappa
                  | {Stlth+}.
  4844 | D:5      | 4844 ||| DROPPING +3 leather armour.
  4845 | D:5      | 4845 ||| UPGRADING to ring of Gaheitz {Fire Fly}.
  4847 | D:5      | 4847 ||| READING scroll labelled VUIPEU QISUSE.
  4848 | D:5      | 4848 ||| READING 2 scrolls labelled VOAZIT HYCZECA.
  4849 | D:5      | 4849 ||| DROPPING scroll of blinking.
  4879 | D:6      | Reached skill level 9 in Ranged Weapons
  4916 | D:6      | 4916 ||| RETREATING.
  4918 | D:6      | 4918 ||| Stepping ~*~*~tactically~*~*~ (retreating).
  4928 | D:6      | Reached * piety under Okawaru
  4929 | D:6      | Reached skill level 6 in Fighting
  4930 | D:6      | 4930 ||| INVOKING Heroism.
  5030 | D:6      | Reached skill level 1 in Invocations
  5186 | D:6      | Noticed Duvessa
  5186 | D:6      | Noticed Dowan
  5187 | D:6      | 5187 ||| INVOKING Heroism.
  5191 | D:6      | Killed Duvessa
  5192 | D:6      | Reached XP level 9. HP: 55/55 MP: 7/10
  5196 | D:6      | Killed Dowan
  5197 | D:6      | Reached skill level 10 in Ranged Weapons
  5226 | D:6      | Reached skill level 3 in Invocations
  5342 | D:6      | 5342 ||| DRINKING 2 viscous coppery potions.
  5343 | D:6      | 5343 ||| DRINKING 3 potions of curing.
  5343 | D:6      | 5343 ||| (to cure confusion)
  5344 | D:6      | 5344 ||| DROPPING potion of ambrosia.
  5386 | D:6      | 5386 ||| READING scroll of brand weapon.
  5386 | D:6      | 5386 ||| BRANDING +1 shortbow of flaming.
  5581 | D:6      | Reached skill level 3 in Dodging
  5719 | D:6      | 5719 ||| READING scroll labelled EPU FAOWK.
  5779 | D:7      | 5779 ||| INVOKING Heroism.
  5955 | D:7      | 5955 ||| INVOKING Heroism.
  6091 | D:7      | 6091 ||| INVOKING Heroism.
  6181 | D:7      | Found Ixzehu's Antique Weapon Boutique.
  6189 | D:7      | 6189 ||| BUYING runed shortbow (132 gold).
  6189 | D:7      | Bought a runed shortbow for 132 gold pieces
  6189 | D:7      | 6189 ||| SWAPPING to +3 shortbow of draining.
  6260 | D:7      | 6260 ||| INVOKING Heroism.
  6398 | D:7      | Identified the +2 battleaxe of Trial by Ordeal {freeze,
                  | *Rage rPois MP+9}
  6524 | D:7      | 6524 ||| READING 2 scrolls of identify.
  6524 | D:7      | 6524 ||| IDENTIFYING bubbling white potion
  6525 | D:7      | 6525 ||| DROPPING potion of attraction.
  6543 | D:8      | Found Irukk's Weapon Shop.
  6549 | D:8      | 6549 ||| BUYING +0 orcbow (35 gold).
  6549 | D:8      | Bought a +0 orcbow for 35 gold pieces
  6549 | D:8      | 6549 ||| SWAPPING to +0 orcbow.
  6550 | D:8      | 6550 ||| DROPPING +3 shortbow of draining.
  6551 | D:8      | 6551 ||| DROPPING +1 shortbow of freezing.
  6656 | D:8      | Reached skill level 11 in Ranged Weapons
  6723 | D:8      | Found a sparkling altar of Nemelex Xobeh.
  6757 | D:8      | Found a hazy altar of Hepliaklqana.
  6758 | D:8      | 6758 ||| INVOKING Heroism.
  6910 | D:8      | Noticed a centaur warrior
  6916 | D:8      | Reached ** piety under Okawaru
  6927 | D:8      | Noticed a manticore
  6928 | D:8      | 6928 ||| INVOKING Heroism.
  6932 | D:8      | Reached XP level 10. HP: 43/64 MP: 10/13
  6945 | D:8      | Killed a centaur warrior
  6946 | D:8      | Reached skill level 12 in Ranged Weapons
  6949 | D:8      | HP: 2/64 [manticore (17)]
  6950 | D:8      | 6950 ||| READING scroll of teleportation.
  6951 | D:8      | 6951 ||| DRINKING 3 potions of heal wounds.
  6954 | D:8      | Killed a manticore
  7184 | D:8      | 7184 ||| INVOKING Heroism.
  7211 | D:8      | 7211 ||| INVOKING Heroism.
  7222 | D:8      | Noticed a gargoyle
  7225 | D:8      | Killed a gargoyle
  7241 | D:8      | Identified the amulet of Attitude {Faith rElec rC++ rN+}
  7314 | D:8      | 7314 ||| UPGRADING to amulet of Attitude {Faith rElec rC++
                  | rN+}.
  7319 | D:8      | 7319 ||| READING 2 scrolls of identify.
  7319 | D:8      | 7319 ||| IDENTIFYING metallic purple potion
  7365 | D:9      | 7365 ||| STAIRDANCE
  7431 | D:9      | 7431 ||| RETREATING.
  7438 | D:9      | Reached *** piety under Okawaru
  7450 | D:9      | Reached skill level 13 in Ranged Weapons
  7576 | D:9      | 7576 ||| RETREATING.
  7579 | D:9      | 7579 ||| INVOKING Heroism.
  7580 | D:9      | 7580 ||| DRINKING 2 potions of curing.
  7580 | D:9      | 7580 ||| (to cure confusion)
  7592 | D:9      | Reached skill level 9 in Fighting
  7594 | D:9      | Noticed a centaur warrior
  7598 | D:9      | Noticed a black mamba
  7599 | D:9      | a black mamba changed into a raiju
  7606 | D:9      | Reached XP level 11. HP: 60/71 MP: 14/14
  7614 | D:9      | Killed a centaur warrior
  7615 | D:9      | 7615 ||| INVOKING Heroism.
  7642 | D:9      | 7642 ||| INVOKING Heroism.
  7671 | D:9      | 7671 ||| INVOKING Heroism.
  7701 | D:9      | 7701 ||| FLEEEEING.
  7702 | D:9      | 7702 ||| FLEEEEING.
  7702 | D:9      | Noticed an orc knight
  7703 | D:9      | 7703 ||| INVOKING Heroism.
  7716 | D:9      | Killed an orc knight
  7717 | D:9      | Reached skill level 14 in Ranged Weapons
  7808 | D:9      | Noticed a centaur warrior
  7810 | D:9      | 7810 ||| INVOKING Heroism.
  7815 | D:9      | Shot with an arrow by a centaur warrior

Levels and vault maps discovered:
D:1:      minmay_arrival_doors, layout_loops_ring
D:2:      layout_loops_ring, nicolae_ecumenical_pavilion, minmay_misc_feat_x
D:3:      kb_forest_paths, layout_basic, nicolae_figureground_pulse
D:4:      layout_layer_cave, chequers_temple_overflow_statue_of_worship,
          gammafunk_temple_overflow_statue
D:5:      corexii_shantytown, layout_rooms, mainiacjoe_overflow_catwalk,
          minivault_11, uniq_ijyb
D:6:      dreamdust_elfheim, layout_loops_ring, reono_crystal_passage, hex_tiny
D:7:      layout_basic, serial_shops, shop
D:8:      layout_rooms, mainiacjoe_overflow_two_lobes, serial_shops, shop,
          minmay_pinched_square
D:9:      nzn_winding_woodlands_cross [nzn_winding_woodlands_5x15_lazy_stream,
          nzn_winding_woodlands_5x15_jagged,
          nzn_winding_woodlands_5x15_concentric, nzn_winding_woodlands_5x15_eye,
          nzn_winding_woodlands_15x15_thick_spiral], layout_basic, serial_shops,
          kennysheep_little_box, hangedman_abyss_or_decor_stagger
Temple:   nicolae_temple_great_sept

Skill      XL: |  1  2  3  4  5  6  7  8  9 10 11 |
---------------+----------------------------------+-----
Ranged Weapons | 5 6 7 8 9 11 13 14 | 14.1
Fighting       | 3 4 5 6 8 9 |  9.0
Dodging        | 2 3 4 |  4.2
Armour         | 2 |  2.1
Invocations    | 2 4 |  4.1
Stealth        | |  1.1

Action                     |  1- 3 |  4- 6 |  7- 9 | 10-12 || total
---------------------------+-------+-------+-------+-------++-------
   Fire: Shortbow          |   101 |   189 |   468 |       ||   758
         Orcbow            |       |       |    53 |   234 ||   287
 Invoke: Heroism           |       |       |     8 |     8 ||    16
    Use: Scroll            |     2 |     6 |    11 |     2 ||    21
         Potion            |       |     2 |     3 |     2 ||     7
 Armour: Leather armour    |    17 |    71 |   138 |    82 ||   308
         Ring mail         |       |       |   106 |       ||   106
  Dodge: Dodged            |    27 |    69 |   244 |    79 ||   419

Table legend:
 A = Non-vault XP
 B = Vault XP
 C = Vault XP percentage of total XP
 D = Non-vault monster count
 E = Vault monster count
 F = Vault count percentage of total count
                 A         B        C        D         E       F
            +---------+---------+-------+---------+---------+-------
      Total |    5627 |    5892 |  51.2 |     173 |      64 |  27.0
            +---------+---------+-------+---------+---------+-------
        D:1 |      58 |       0 |   0.0 |      31 |       0 |   0.0
        D:2 |      42 |       0 |   0.0 |      10 |       0 |   0.0
        D:3 |     198 |      22 |  10.0 |      20 |       6 |  23.1
        D:4 |     555 |       0 |   0.0 |      36 |       0 |   0.0
        D:5 |     579 |     114 |  16.5 |      15 |      28 |  65.1
        D:6 |    1056 |     214 |  16.9 |      15 |       2 |  11.8
        D:7 |    1101 |       0 |   0.0 |      17 |       0 |   0.0
        D:8 |     437 |    3064 |  87.5 |      11 |      15 |  57.7
        D:9 |    1601 |    2478 |  60.8 |      18 |      13 |  41.9
            +---------+---------+-------+---------+---------+-------
